AoeStats
← Ndrangheta

Lombardia

508103449Analyzed
2v2 RM · 12d ago on Sep 20, 2026· 13m 58s· 4 players
Game mode
Random Map
Map size
Medium (4 player)
Population
200
Speed
Normal
Resources
Standard
Victory
Conquest
Starting age
Dark Age
Ending age
Imperial Age
RankedLock teamsTeams togetherTeam positionsShared explorationLock speedFull tech treeHidden civsTurbo modeCheats
Victory
Defeat
🇨🇱 Berbers · Chile
1368
+16
🇸🇻 Magyars · El Salvador
1284
+21
🇦🇷 Mongols · Argentina
1389
-19
🇦🇷 Franks · Argentina
1359
-18
smbou
11:05 Feudal Age
10:31 Loom
15:38 Castle Age
14:12 Double-Bit Axe
[DM] XD
8:48 Loom
10:56 Feudal Age
15:33 Castle Age
13:34 Fletching
Caña con ruda
8:03 Feudal Age
6:28 Loom
9:09 Double-Bit Axe
9:48 Horse Collar
Ndrangheta
7:11 Loom
9:11 Feudal Age
12:01 Double-Bit Axe
Connection lost

Rejoining the realm…

Still unreachable

The connection could not be restored.

Session expired

The server has moved on; the page needs a fresh start.